 Dungeon Crawl Stone Soup version 0.21.1-1-g345015f (webtiles) character file.

70 letownia2 the Conjurer (level 4, -4/24 HPs)
             Began as a Tengu Wizard on Mar 5, 2018.
             Slain by an orc
             ... wielding a +0 whip of freezing
              (5 damage)
             ... on level 2 of the Dungeon.
             The game lasted 00:05:38 (710 turns).

letownia2 the Conjurer (Tengu Wizard)                Turns: 710, Time: 00:05:39

Health: -4/24      AC: 10    Str:  7    XL:     4   Next: 21%
Magic:  2/9        EV: 12    Int: 19    God:
Gold:   29         SH:  0    Dex: 13    Spells: 1/9 levels left

rFire    . . .     SeeInvis .   a - +1 dagger (protect)
rCold    . . .     Gourm    .   (no shield)
rNeg     . . .     Faith    .   h - +0 leather armour
rPois    .         Spirit   .   b - +0 hat
rElec    .         Reflect  .   (no cloak)
rCorr    .         Harm     .   (no gloves)
MR       .....                  (boots unavailable)
Stlth    ++........             (no amulet)
HPRegen  0.08/turn              (no ring)
MPRegen  0.11/turn              (no ring)

@: protection aura
A: beak, talons 3
a: no special abilities


You were on level 2 of the Dungeon.
You were not hungry.

You visited 1 branch of the dungeon, and saw 3 of its levels.

You collected 29 gold pieces.

Inventory:

Hand Weapons
 a - a +1 dagger of protection (weapon)
Armour
 b - a +0 hat (worn)
 h - a +0 leather armour (worn)
 i - a +0 robe
Scrolls
 e - a scroll of noise {unknown}
 k - a scroll of enchant armour {unknown}
 l - 2 scrolls of amnesia {unknown}
Potions
 f - a potion of curing {unknown}
 g - a potion of invisibility {unknown}
 j - a potion of mutation {unknown}
Books
 c - a book of Minor Magic

   Spells                             Type                      Level
   a - Magic Dart                     Conjuration                  1
   b - Blink                          Translocation                2
   c - Call Imp                       Summoning                    2
   d - Slow                           Hexes                        2
   e - Conjure Flame                  Conjuration/Fire             3
   f - Mephitic Cloud                 Conjuration/Poison/Air       3
Comestibles
 d - a ration


   Skills:
 - Level 2.1 Dodging
 - Level 2.0 Stealth
 - Level 3.0 Spellcasting
 + Level 5.2 Conjurations
 - Level 1.2 Summonings
 - Level 0.7 Translocations


You had one spell level left.
You knew the following spells:

 Your Spells              Type           Power        Failure   Level  Hunger
a - Magic Dart            Conj           ###.         2%          1    None
b - Blink                 Tloc           N/A          26%         2    ##.....
e - Mephitic Cloud        Conj/Pois/Air  #.......     32%         3    ###....
i - Call Imp              Summ           #.......     22%         2    ##.....


Dungeon Overview and Level Annotations

Branches:
Dungeon (3/15)

Altars:
Fedhas


Innate Abilities, Weirdness & Mutations

You have a beak for a mouth.
You have claws for feet.


Message History

You barely miss the orc. You claw the orc, but do no damage.
The orc hits you with a whip of freezing.
* * * LOW HITPOINT WARNING * * *
The orc freezes you.
* * * LOW HITPOINT WARNING * * *
You barely miss the orc.
The orc hits you with a whip of freezing.
* * * LOW HITPOINT WARNING * * *
The orc freezes you.
* * * LOW HITPOINT WARNING * * *
You hit the orc.
Your weapon exudes an aura of protection.
You claw the orc, but do no damage.
The orc is lightly wounded.
The orc hits you but does no damage.
Unknown command.
You barely miss the orc. Your kick misses the orc.
The orc is lightly wounded.
The orc hits you with a whip of freezing.
You die...

########### #.........#
##### #.[.......# ....#
#.@.......# ....#
##.o.......#
....##########..........#
....##......รท)..........#
.....<>#####.############
.###.### #.# .# #.# ...
..##.## .....
......####......


You could see an orc.

Vanquished Creatures
  An orc wizard (D:3)
  A worm (D:2)
  A dart slug (D:1)
  A leopard gecko (D:3)
  An orc (D:2)
  A ball python (D:3)
  A giant cockroach (D:2)
  4 goblins
  8 hobgoblins
  3 jackals (D:1)
  2 kobolds
  2 bats (D:1)
  6 rats
32 creatures vanquished.

Notes
Turn   | Place    | Note
-------+----------+-------------------------------------------
     0 | D:1      | letownia2 the Tengu Wizard began the quest for the Orb.
     0 | D:1      | Reached XP level 1. HP: 10/10 MP: 5/5
    38 | D:1      | Reached skill level 2 in Conjurations
   121 | D:1      | Reached XP level 2. HP: 15/15 MP: 0/7
   147 | D:1      | Learned a level 2 spell: Call Imp
   150 | D:1      | Learned a level 2 spell: Blink
   162 | D:1      | Reached skill level 3 in Conjurations
   359 | D:2      | Reached XP level 3. HP: 19/19 MP: 5/8
   364 | D:2      | Learned a level 3 spell: Mephitic Cloud
   385 | D:2      | Reached skill level 4 in Conjurations
   453 | D:3      | Noticed an ogre
   566 | D:3      | Found a blossoming altar of Fedhas.
   702 | D:3      | Reached skill level 5 in Conjurations
   702 | D:3      | Reached XP level 4. HP: 9/24 MP: 1/9
   708 | D:2      | HP: 1/24 [orc/whip of freezing (1)]
   710 | D:2      | Slain by an orc

Skill      XL: |  1  2  3 |
---------------+----------+-----
Conjurations   | 2 3 5 |  5.2
Dodging        | |  2.1
Stealth        | |  2.0
Spellcasting   | |  3.0
Summonings     | |  1.2
Translocations | |  0.7

Action                   |  1- 3 |  4- 6 || total
-------------------------+-------+-------++-------
Melee: Unarmed           |    51 |       ||    51
       Kick              |    12 |     2 ||    14
       Peck              |     6 |       ||     6
       Dagger            |    15 |     4 ||    19
 Cast: Magic Dart        |    60 |       ||    60
       Mephitic Cloud    |     3 |       ||     3
 Stab: Confused          |     2 |       ||     2
Armor: Robe              |     7 |       ||     7
       Leather armour    |     8 |     1 ||     9
Dodge: Dodged            |    46 |     1 ||    47
